 Dungeon Crawl Stone Soup version 0.26-a0-30-g56b8cd3df0 (webtiles) character file.

Game seed: 594954809324475687, levelgen mode: deterministic

166 wullow the Conjurer (level 5, -8/31 HPs)
             Began as an Octopode Conjurer on May 31, 2020.
             Shot with an arrow by a centaur (15 damage)
             ... on level 6 of the Dungeon.
             The game lasted 00:09:02 (3780 turns).

wullow the Conjurer (Octopode Conjurer)             Turns: 3780, Time: 00:09:03

Health: -8/31      AC:  1    Str:  7    XL:     5   Next: 47%
Magic:  9/9        EV: 13    Int: 18    God:
Gold:   137        SH:  0    Dex: 13    Spells: 3/10 levels left

rFire    . . .     SeeInvis .   k - +2 whip (elec)
rCold    . . .     Gourm    .   (no shield)
rNeg     . . .     Faith    .   (helmet restricted)
rPois    .         Spirit   .   (no amulet)
rElec    .         Reflect  .   p - +4 ring of slaying
rCorr    .         Harm     .   (no ring)
MR       .....                  (no ring)
Stlth    +++.......             (no ring)
HPRegen  0.10/turn              (no ring)
MPRegen  0.11/turn              (no ring)
                                (no ring)
                                (no ring)

@: no status effects
A: almost no armour, stealthy swim, amphibious, 8 rings, constrict 8, camouflage
1, gelatinous body 1
a: no special abilities


You were on level 6 of the Dungeon.
You were not hungry.

You visited 1 branch of the dungeon, and saw 4 of its levels.

You collected 137 gold pieces.

Inventory:

Hand Weapons
 g - a +0 dagger
 k - a +2 whip of electrocution (weapon)
Missiles
 a - 82 stones (quivered)
 c - 44 arrows
Jewellery
 m - an uncursed amulet of faith
 p - a +4 ring of slaying (left tentacle)
Scrolls
 n - a scroll of remove curse
 o - a scroll of blinking {unknown}
Potions
 e - a potion of resistance
 f - 2 potions of ambrosia
 i - 2 potions of berserk rage {unknown}
 j - a potion of curing {unknown}
Comestibles
 b - 7 rations
 d - 2 chunks of flesh


   Skills:
 - Level 2.0 Dodging
 - Level 3.3 Stealth
 + Level 3.1 Spellcasting
 * Level 5.7 Conjurations
 * Level 0.0 Hexes


You had 3 spell levels left.
You knew the following spells:

 Your Spells              Type           Power        Failure   Level  Hunger
a - Magic Dart            Conj           ###.         1%          1    None
b - Searing Ray           Conj           ###...       2%          2    ##.....
c - Fulminant Prism       Conj/Hex       ##........   43%         4    ####...

Your spell library contained the following spells:

 Spells                   Type           Power        Failure   Level  Hunger
 Dazzling Flash           Conj/Hex       ##....       14%         3    ###....
 Iskenderun's Mystic Bla  Conj/Tloc      ##......     43%         4    ####...


Dungeon Overview and Level Annotations

Branches:
Dungeon (3/15)

Altars:

Annotations:
D:2 1 runed translucent door, Crazy Yiuf
D:6 Blork the orc


Innate Abilities, Weirdness & Mutations

You cannot wear most types of armour.
You are very stealthy in the water. (Stealth+)
You are amphibious.
You can wear up to eight rings at the same time.
You can use your tentacles to constrict eight enemies at once.
Your skin changes colour to match your surroundings (Stealth+).
Your rubbery body absorbs attacks. (AC +1, EV +1)


Message History

You can't see any susceptible monsters within range! (Use Z to cast anyway.) Unknown command.
You hear the slow rusting of a distant drain.
You butcher the leopard gecko corpse.
d - 2 chunks of flesh (gained 1)
You see here a leopard gecko skeleton. x2
A centaur comes into view.
Casting: Magic Dart (safe; 1% risk of failure)
Confirm with . or Enter, or press ? or * to list all spells.
Okay, then.
A quokka and an ogre come into view.
The centaur shouts!
The centaur wields a +0 shortbow.
The centaur shoots an arrow.
The arrow hits you!
You see here an arrow.
The centaur shoots an arrow.
The arrow hits you!
* * * LOW HITPOINT WARNING * * *
You see here an arrow.
The centaur shoots an arrow.
The arrow hits you!
You die...

#.#..
#.####.#. .#
#.# ##.#^#.
#.# #..... #.#
#..#.# # #.#
#..#.#.# #.#
#......#
#.###...#..###
#...((@.cr....
#####....O....
##########


You could see an ogre, a centaur and a quokka.

Vanquished Creatures
  A hound (D:2)
  7 adders
  A worm (D:3)
  2 dart slugs
  2 leopard geckos
  4 orcs (D:3)
  8 bats
  4 giant cockroaches
  8 goblins
  2 hobgoblins
  6 kobolds
  5 quokkas
  A ball python (D:3)
  3 frilled lizards
  8 rats
62 creatures vanquished.

Notes
Turn   | Place    | Note
-------+----------+-------------------------------------------
     0 | D:1      | wullow the Octopode Conjurer began the quest for the Orb.
     0 | D:1      | Reached XP level 1. HP: 11/11 MP: 3/3
   282 | D:1      | Reached XP level 2. HP: 17/17 MP: 3/5
   307 | D:1      | Learned a level 2 spell: Searing Ray
   475 | D:1      | You fall into a shaft and drop 1 floor!
  1329 | D:2      | Reached XP level 3. HP: 21/21 MP: 0/6
  1971 | D:2      | Reached skill level 5 in Conjurations
  1971 | D:2      | Reached XP level 4. HP: 27/27 MP: 0/8
  2122 | D:2      | Found a runed translucent door.
  2123 | D:2      | Noticed Crazy Yiuf
  3144 | D:3      | Reached XP level 5. HP: 31/31 MP: 6/9
  3704 | D:3      | You fall into a shaft and drop 3 floors!
  3719 | D:6      | Noticed Blork the orc
  3734 | D:6      | Learned a level 4 spell: Fulminant Prism
  3777 | D:6      | Noticed a centaur
  3778 | D:6      | Noticed an ogre
  3780 | D:6      | Shot with an arrow by a centaur

Illustrated notes

Levels and vault maps discovered:
D:1:      saegor_arrival_simple_d, layout_loops_ring, minmay_misc_feat_hallway
D:2:      layout_loops_corners, first_ration, uniq_crazy_yiuf_cottage
D:3:      minmay_diamond_boxcup, layout_basic
D:6:      layout_loops_ring, portal_sewer_entry_a, uniq_blork_the_orc

Skill      XL: |  1  2  3  4 |
---------------+-------------+-----
Stealth        | 3 |  3.3
Conjurations   | 5 |  5.7
Spellcasting   | 3 |  3.1
Dodging        | |  2.0

Action                   |  1- 3 |  4- 6 || total
-------------------------+-------+-------++-------
Melee: Dagger            |    18 |     2 ||    20
       Tentacles         |     5 |       ||     5
       Constrict         |     4 |     1 ||     5
Throw: Stone             |     1 |       ||     1
 Cast: Magic Dart        |    60 |    45 ||   105
       Searing Ray       |     2 |     8 ||    10
  Use: Scroll            |     6 |     4 ||    10
       Potion            |     1 |       ||     1
  Eat: Chunk             |     4 |     6 ||    10
Dodge: Dodged            |    19 |    11 ||    30

Table legend:
 A = Non-vault XP
 B = Vault XP
 C = Vault XP percentage of total XP
 D = Non-vault monster count
 E = Vault monster count
 F = Vault count percentage of total count
                 A         B        C        D         E       F
            +---------+---------+-------+---------+---------+-------
      Total |     197 |      41 |  17.2 |      54 |       8 |  12.9
            +---------+---------+-------+---------+---------+-------
        D:1 |      24 |       0 |   0.0 |      15 |       0 |   0.0
        D:2 |      86 |       0 |   0.0 |      19 |       0 |   0.0
        D:3 |      71 |      41 |  36.6 |      18 |       8 |  30.8
        D:6 |      16 |       0 |   0.0 |       2 |       0 |   0.0
            +---------+---------+-------+---------+---------+-------
